 Dungeon Crawl Stone Soup version 0.19-a0-733-geeb8733 (webtiles) character file.

65 Beholder179 the Magician (level 3, -5/28 HPs)
             Began as a Demigod Wanderer on June 22, 2016.
             Slain by a gnoll
             ... wielding a +0 halberd
              (9 damage)
             ... on level 2 of the Dungeon.
             The game lasted 00:12:43 (2416 turns).

Beholder179 the Magician (Demigod Wanderer)         Turns: 2416, Time: 00:12:44

Health: -5/28      AC:  4    Str: 13    XL:     3   Next: 66%
Magic:  8/10       EV: 13    Int: 18    God:
Gold:   149        SH:  0    Dex: 17    Spells: 1 memorised, 7 levels left

rFire  . . .     SeeInvis .     a - +2 dagger
rCold  + . .     Gourm    .     h - +0 leather armour
rNeg   . . .     Faith    .     (no shield)
rPois  .         Spirit   .     (no helmet)
rElec  .         Dismiss  +     p - +0 cloak
rCorr  .         Reflect  .     (no gloves)
SustAt +         Harm     .     (no boots)
MR     .....                    q - amulet of dismissal
Stlth  +.........               k - ring of loudness (curse)
                                m - ring of protection from cold

@: not resistant to hostile enchantments, very unstealthy
A: high mp 1, sustain attributes
a: no special abilities


You were on level 2 of the Dungeon.
You were very hungry.

You visited 1 branch of the dungeon, and saw 3 of its levels.

You collected 149 gold pieces.

Inventory:

Hand Weapons
 a - a +2 dagger (weapon)
 o - a +3 short sword
Missiles
 i - 6 tomahawks (quivered)
Armour
 h - a +0 leather armour (worn)
 p - a +0 cloak (worn)
Jewellery
 e - an uncursed ring of stealth
 k - a cursed ring of loudness (right hand)
 m - a ring of protection from cold (left hand)
 q - an amulet of dismissal (around neck)
 r - an uncursed ring of see invisible {unknown}
Wands
 b - a wand of flame (21/48)
Scrolls
 c - a scroll of teleportation
Potions
 g - a potion of cancellation {unknown}
 j - a potion of lignification {unknown}
 l - a potion of haste {unknown}
 n - a potion of flight {unknown}
 t - a potion of brilliance {unknown}
Books
 d - Uqitz's Reference Book on the Glacier

   Spells                             Type                      Level
   a - Throw Frost                    Conjuration/Ice              2
   b - Ensorcelled Hibernation        Hexes/Ice                    2
Comestibles
 f - a bread ration


   Skills:
 - Level 1.0 Fighting
 * Level 2.8 Dodging
 + Level 2.3 Stealth
   Level 1.0 Shields
 - Level 3.6 Spellcasting
 + Level 0.3 Hexes
   Level 1.0 Earth Magic
 + Level 1.0 Evocations


You had 7 spell levels left.
You knew the following spells:

 Your Spells              Type           Power        Failure   Level  Hunger
a - Ensorcelled Hibernat  Hex/Ice        #.....       28%         2    ##.....


Dungeon Overview and Level Annotations

Branches:
Dungeon (3/15)


Innate Abilities, Weirdness & Mutations

You have an increased reservoir of magic. (+10% MP)
Your attributes are resistant to harm.


Message History

The gnoll is severely wounded.
The gnoll barely misses you.
Evoke which item? (* to show all) (? for menu, Esc to quit)
Zapping:
b - a wand of flame (will waste charges)
Press: ? - help, Shift-Dir - straight line, f/p - gnoll
Aim: a gnoll, wielding a halberd (severely wounded)
The puff of flame misses the gnoll.
Evoking this partially-identified wand wasted a few charges.
The gnoll hits you with a halberd!
* * * LOW HITPOINT WARNING * * *
Sorry, you're not good enough to have a special ability.
Casting: Ensorcelled Hibernation
Confirm with . or Enter, or press ? or * to list all spells.
Aiming: Ensorcelled Hibernation
Press: ? - help, Shift-Dir - straight line, f - you, p - gnoll
Okay, then.
You barely miss the gnoll.
The gnoll is severely wounded.
The gnoll hits you with a halberd!
You die...

##.....########...#.#
#............†......#
#.#.##..#######...### #.#.##..#
##..#####. #.#.##..# #........ #.
#.#..#..# #.####### ###.
#.##.#..# ##'## ..) #.##.#..#
##...## #.# #.......# ##.g@.)##
##.# ####.#.## ##.......##
###..#####
####....####.........###........#
...........'.....÷...'.......##.#
#.......####.........###....###.#
#.##.#..# ##....(..## #.#...##.#
#.##.##.# ##.....## #.###.##.#
#.##..#.# ##...## #........#
#.###.#.# ##'## #####.####


You could see a gnoll.

Vanquished Creatures
  A gnoll (D:2)
  3 adders (D:2)
  A dart slug (D:2)
  A giant gecko (D:1)
  An orc (D:3)
  4 goblins
  2 hobgoblins
  A quokka (D:2)
  4 bats
  2 giant newts (D:2)
  4 kobolds
  3 rats
27 creatures vanquished.

Notes
Turn   | Place    | Note
--------------------------------------------------------------
     0 | D:1      | Beholder179 the Demigod Wanderer began the quest for the Orb.
     0 | D:1      | Beholder179 set off with: a +2 dagger, a scroll of fear, a scroll of teleportation, Uqitz's Reference Book on the Glacier, a +0 robe, a bread ration
     0 | D:1      | Reached XP level 1. HP: 16/16 MP: 7/7
     0 | D:1      | Identified Uqitz's Reference Book on the Glacier
   458 | D:1      | Reached skill level 1 in Dodging
  1007 | D:2      | Reached XP level 2. HP: 20/23 MP: 9/9
  1014 | D:2      | Learned a level 2 spell: Ensorcelled Hibernation
  1949 | D:2      | Reached XP level 3. HP: 28/28 MP: 7/10
  2044 | D:2      | HP: 1/28 [gnoll/halberd (11)]
  2416 | D:2      | Slain by a gnoll

Vault maps used:
D:1:      lemuel_arrival_hallway
D:3:      kennysheep_nondescript, due_unseen_surprise

Skill      XL: |  1  2 |
---------------+-------+-----
Dodging        | 1 2 |  2.8
Stealth        | 2 |  2.3
Fighting       | |  1.0
Shields        | |  1.0
Spellcasting   | |  3.6
Hexes          | |  0.3
Earth Magic    | |  1.0
Evocations     | |  1.0

Action                   || total
-------------------------++-------
Melee: Dagger            ||    98
Throw: Tomahawk          ||     4
 Cast: Ensorcelled Hiber ||    10
Evoke: Wand              ||     1
  Use: Scroll            ||     4
 Stab: Sleeping          ||     4
  Eat: Chunk             ||     4
Armor: Leather armour    ||    30
Dodge: Dodged            ||    71
